 Dungeon Crawl Stone Soup version 0.18.1-1-g2f07953 (webtiles) character file.

284 Chiseanne the Magician (level 6, 41/41 HPs)
             Began as a Demonspawn Wizard on May 6, 2016.
             Was an Initiate of Gozag.
             Quit the game on level 4 of the Dungeon.
             The game lasted 00:08:05 (3871 turns).

Chiseanne the Magician (Demonspawn Wizard)          Turns: 3871, Time: 00:08:06

Health: 41/41      AC:  4    Str:  7    XL:     6   Next: 7%
Magic:  0/13       EV: 12    Int: 21    God:    Gozag
Gold:   182        SH:  0    Dex: 12    Spells: 5 memorised, 3 levels left

rFire  . . .     SeeInvis .     y - +2 quarterstaff (chaos)
rCold  . . .     Gourm    .     a - +0 robe
rNeg   . . .     Faith    .     (shield currently unavailable)
rPois  .         Spirit   .     b - +0 hat
rElec  .         Dismiss  .     z - -1 cloak (curse)
rCorr  .         Reflect  .     (no gloves)
SustAt .         Harm     .     p - +1 pair of boots
MR     .....                    (no amulet)
Stlth  ++........               (no ring)
                                (no ring)

@: gold aura, repel missiles, not resistant to hostile enchantments, unstealthy
A: horns 1, powered by death 1, powered by pain 1
a: Potion Petition, Call Merchant, Bribe Branch, Renounce Religion


You were on level 4 of the Dungeon.
You worshipped Gozag.
Gozag was noncommittal.
You were not hungry.

You visited 1 branch of the dungeon, and saw 4 of its levels.

You collected 246 gold pieces.
You paid 64 gold pieces to Gozag.

Inventory:

Hand Weapons
 y - a +2 quarterstaff of chaos (weapon)
Missiles
 e - 40 poisoned needles
 g - 9 sling bullets
 h - 20 arrows
 o - 160 stones (quivered)
 s - 17 bolts
Armour
 a - a +0 robe (worn)
 b - a +0 hat (worn)
 p - a +1 pair of boots (worn)
 z - a cursed -1 cloak (worn)
Wands
 m - a wand of polymorph (16/24)
Scrolls
 l - a scroll of enchant armour
 t - a scroll of magic mapping
 v - a scroll of identify
 x - a scroll of remove curse
Potions
 f - a potion of cancellation
 k - 3 potions of curing
 n - 2 potions of agility {unknown}
 q - a potion of haste {unknown}
 r - a potion of lignification {unknown}
 u - a potion of heal wounds {unknown}
Books
 c - a book of Minor Magic

   Spells                             Type                      Level
   a - Magic Dart                     Conjuration                  1
   b - Blink                          Translocation                2
   c - Call Imp                       Summoning                    2
   d - Repel Missiles                 Charms/Air                   2
   e - Slow                           Hexes                        2
   f - Conjure Flame                  Conjuration/Fire             3
   g - Mephitic Cloud                 Conjuration/Poison/Air       3
Comestibles
 d - 2 bread rations
 i - 3 meat rations


   Skills:
 - Level 1.7 Dodging
 - Level 1.7 Stealth
 * Level 4.8 Spellcasting
 * Level 4.4 Conjurations
   Level 1.0 Summonings
 - Level 0.8 Translocations


You had 3 spell levels left.
You knew the following spells:

 Your Spells              Type           Power        Failure   Level  Hunger
a - Magic Dart            Conj           ###.         1%          1    None
b - Blink                 Tloc           N/A          12%         2    None
c - Repel Missiles        Chrm/Air       #.....       17%         2    None
d - Mephitic Cloud        Conj/Pois/Air  ##......     21%         3    ##.....
e - Conjure Flame         Conj/Fire      ##......     17%         3    ##.....


Dungeon Overview and Level Annotations

Branches:
Dungeon (4/15)
 Temple: D:4-7

Altars:
Dithmenos
Gozag
Nemelex Xobeh
Pakellas
Xom


Innate Abilities, Weirdness & Mutations

You have a pair of small horns on your head.
You regenerate a little health from kills.
You sometimes gain a little power by taking damage.


Message History

Confirm with . or Enter, or press ? or * to list all spells.
You don't have enough magic to cast that spell.
Unknown command.
You feel less regenerative.
Casting: Magic Dart
Confirm with . or Enter, or press ? or * to list all spells.
Aiming: Magic Dart
Press: ? - help, Shift-Dir - straight line, f/p - hound
Aim: a hound (severely wounded)
The magic dart hits the hound.
The hound is severely wounded.
The hound closely misses you.
You hit the hound.
You kill the hound!
You have reached level 6!
Your experience leads to an increase in your attributes!
Increase (S)trength, (I)ntelligence, or (D)exterity?
You feel clever.
Your demonic ancestry asserts itself...
A pair of horns grows on your head!
Are you sure you want to abandon this character and quit the game? (Confirm with "yes".)

..$.### #..
#.%..## #...
#....####....
#..........
##.........
##........
#......##
#######$...###
####......@...#
###.....)......##
##...######....##
##...## ######
##...## #...##
#..## #..# #..##


There were no monsters in sight!

Vanquished Creatures
  A howler monkey (D:4)
  Crazy Yiuf (D:3)
  A hound (D:4)
  A worker ant (D:4)
  A howler monkey zombie (D:3)
  3 gnolls
  2 adders (D:3)
  A shadow imp (D:3)
  3 oozes (D:2)
  A worm (D:3)
  2 giant geckos
  10 orcs
  2 ball pythons (D:3)
  7 goblins
  9 hobgoblins
  3 jackals (D:3)
  6 kobolds
  2 quokkas
  6 bats
  2 giant newts
  8 rats
72 creatures vanquished.

Notes
Turn   | Place    | Note
--------------------------------------------------------------
     0 | D:1      | Chiseanne the Demonspawn Wizard began the quest for the Orb.
     0 | D:1      | Reached XP level 1. HP: 13/13 MP: 4/4
   554 | D:1      | Gained mutation: You regenerate a little health from kills. [demonic ancestry]
   554 | D:1      | Reached XP level 2. HP: 19/19 MP: 1/6
   954 | D:1      | Learned a level 2 spell: Blink
   957 | D:1      | Learned a level 2 spell: Repel Missiles
  1415 | D:2      | Gained mutation: You sometimes gain a little power by taking damage. [demonic ancestry]
  1415 | D:2      | Reached XP level 3. HP: 24/24 MP: 2/8
  1550 | D:2      | Found an oddly glowing altar of Pakellas.
  1715 | D:2      | Found a shadowy altar of Dithmenos.
  1988 | D:2      | Found a shimmering altar of Xom.
  2154 | D:3      | Learned a level 3 spell: Mephitic Cloud
  2193 | D:3      | Reached XP level 4. HP: 28/30 MP: 1/9
  3374 | D:3      | Noticed Crazy Yiuf
  3388 | D:3      | Killed Crazy Yiuf
  3388 | D:3      | Reached XP level 5. HP: 26/35 MP: 1/11
  3443 | D:3      | Found a sparkling altar of Nemelex Xobeh.
  3444 | D:3      | Found an opulent altar of Gozag.
  3453 | D:3      | Became a worshipper of Gozag Ym Sagoz the Greedy
  3831 | D:4      | Learned a level 3 spell: Conjure Flame
  3870 | D:4      | Gained mutation: You have a pair of small horns on your head. [demonic ancestry]
  3870 | D:4      | Reached XP level 6. HP: 41/41 MP: 0/13
  3871 | D:4      | Quit the game

Skill      XL: |  1  2  3  4  5 |
---------------+----------------+-----
Conjurations   | 2 3 4 |  4.4
Spellcasting   | 4 |  4.8
Dodging        | |  1.7
Stealth        | |  1.7
Summonings     | |  1.0
Translocations | |  0.8

Action                   |  1- 3 |  4- 6 || total
-------------------------+-------+-------++-------
Melee: Unarmed           |     1 |       ||     1
       Club              |     6 |       ||     6
       Long sword        |     5 |     6 ||    11
       Quarterstaff      |       |     8 ||     8
 Cast: Magic Dart        |   104 |    97 ||   201
       Repel Missiles    |     2 |       ||     2
       Mephitic Cloud    |       |     1 ||     1
  Use: Scroll            |     9 |     3 ||    12
 Stab: Confused          |       |     2 ||     2
  Eat: Chunk             |     4 |     2 ||     6
       Bread ration      |       |     1 ||     1
       Beef jerky        |       |     1 ||     1
Armor: Robe              |    11 |     8 ||    19
Dodge: Dodged            |    25 |    16 ||    41
       Deflected         |     1 |       ||     1
